 Dungeon Crawl Stone Soup version 0.31.0-9-g3a7656b989 (webtiles) character file.

Game seed: 7946932064071583607

961 stipulation the Grappler (level 8, -4/63 HPs)
             Began as a Ghoul Monk on Jan 25, 2024.
             Slain by a lemure (5 damage)
             ... led by Pikel
             ... on level 7 of the Dungeon.
             The game lasted 00:02:07 (2737 turns).

stipulation the Grappler (Ghoul Monk)               Turns: 2737, Time: 00:02:07

Health: -4/63      AC: 10    Str: 17    XL:     8   Next: 15%
Magic:  8/8        EV:  8    Int:  9    God:
Gold:   173        SH:  0    Dex: 11    Spells: 7/7 levels left

rFire   . .          .
                       - Unarmed
rCold   + . .        c - orb {light}
rNeg    + + +        k - +0 chain mail
rPois   ∞            (no helmet)
rElec   .            p - +0 cloak
rCorr   +            (no gloves)
SInv    .            d - +0 pair of boots
Will    .....        (no amulet) Stlth
                     o - ring of resist corrosion
HPRegen 0.00/turn    (no ring)
MPRegen 0.11/turn

%: no passive effects
@: inhibited regen, glowing
A: claws 1, cold resistance 1, negative energy resistance 3, inhibited
regeneration, torment resistance 2, devour on kill
a: no special abilities


You were on level 7 of the Dungeon.
You visited 1 branch of the dungeon, and saw 5 of its levels.

You collected 173 gold pieces.

Inventory:

Armour
 c - an orb of light (worn)
 d - a +0 pair of boots (worn)
 k - a +0 chain mail (worn)
 p - a +0 cloak (worn)
Jewellery
 o - a ring of resist corrosion (left claw)
 s - a ring of fire
 u - a +6 ring of strength
 x - an amulet of reflection
Wands
 b - a wand of flame (19)
Scrolls
 a - a scroll of teleportation {unknown}
 f - a scroll of vulnerability {unknown}
 h - a scroll of fear {unknown}
 l - 2 scrolls of revelation {unknown}
 m - 3 scrolls of immolation {unknown}
 n - 2 scrolls of fog {unknown}
 t - 3 scrolls of amnesia {unknown}
 v - a scroll of enchant weapon {unknown}
 w - a scroll of noise {unknown}
Potions
 e - 2 potions of lignification {unknown}
 g - 3 potions of heal wounds {unknown}
 i - a potion of brilliance {unknown}
 j - a potion of attraction {unknown}
 q - a potion of mutation {unknown}
 r - a potion of curing {unknown}


   Skills:
 - Level 3.2 Fighting
 + Level 1.0 Armour
 - Level 2.6 Dodging
 + Level 10.4 Unarmed Combat


You had 7 spell levels left.
You didn't know any spells.
Your spell library contained the following spells:

 Spells                   Type           Power      Damage    Failure   Level
 Magic Dart               Conj           0%         1d3       99%         1
 Blink                    Tloc           0%         N/A       100%        2
 Call Imp                 Summ           0%         N/A       100%        2
 Dazzling Flash           Conj/Hex       0%         N/A       100%        3
 Mephitic Cloud           Conj/Alch/Air  0%         N/A       100%        3
 Curse of Agony           Necr           0%         N/A       100%        5
 Silence                  Hex/Air        0%         N/A       100%        5


Dungeon Overview and Level Annotations

Branches:
Dungeon (7/15)
 Temple: D:4-7

Altars:
Yredelemnul

Shops:
D:1 **

Annotations:
D:7 Pikel


Innate Abilities, Weirdness & Mutations

You are immune to poison.
You have sharp fingernails.
Your flesh is cold resistant. (rC+)
You are immune to negative energy. (rN+++)
You do not regenerate when monsters are visible.
You are immune to unholy pain and torment.
You thrive by killing the living.


Message History

Pikel hits you but does no damage.
The sky beast flickers out of sight for a moment.
The lemure hits you. The lemure hits you!
You barely miss Pikel.
Pikel is lightly wounded.
Pikel closely misses you.
The lemure hits you but does no damage. x2
You claw Pikel!
Pikel is moderately wounded.
Pikel cracks his whip.
Pikel closely misses you. The lemure hits you but does no damage.
The lemure hits you. The lemure hits you but does no damage.
The lemure hits you!
You scratch Pikel but do no damage.
Pikel is moderately wounded.
Pikel hits you with a +0 whip of freezing.
The lemure hits you.
The sky beast hits you but does no damage.
The lemure hits you but does no damage. x2; The lemure barely misses you.
You scratch Pikel.
Pikel is moderately wounded.
A bullfrog comes into view.
Pikel hits you but does no damage.
The sky beast hits you but does no damage.
The lemure hits you.
* * * LOW HITPOINT WARNING * * *
The lemure barely misses you. The lemure completely misses you.
The lemure hits you but does no damage.
The bullfrog moves out of view.
You claw Pikel!
Pikel is severely wounded.
You scratch Pikel but do no damage.
Pikel is severely wounded.
The lemure hits you!
* * * LOW HITPOINT WARNING * * *
The sky beast hits you.
* * * LOW HITPOINT WARNING * * *
The sky beast shocks you.
* * * LOW HITPOINT WARNING * * *
The lemure hits you but does no damage. Pikel hits you but does no damage.
The lemure hits you but does no damage. The lemure hits you.
You die...

##......# ..# .
###..# ........#
##.#.. .##
........## #... #
.........###..##.
#....###.#......#
......##.......##
#......#........#
.........Y....#$.
.......5@K.##.#
......555.# ..
............. ..
#..............
.<.............
...............
...............
#..............


You could see Pikel, a sky beast (invisible) and 4 lemures.

Vanquished Creatures
  A sky beast (D:7)
  An ogre (D:7)
  A phantom (D:7)
  A kobold brigand (D:7)
  A scorpion (D:4)
  A howler monkey (D:4)
  2 hounds
  Crazy Yiuf (D:2)
  3 orc priests
  A gnoll bouda (D:4)
  A jelly (D:4)
  An iguana (D:3)
  Ijyb (D:4)
  2 orc wizards
  Robin (D:4)
  5 gnolls (D:4)
  9 adders
  5 orcs
  4 ball pythons
  3 bats (D:1)
  3 endoplasms
  2 giant cockroaches
  12 goblins
  12 hobgoblins
  2 jackals (D:4)
  19 kobolds
  3 quokkas
  4 frilled lizards
  2 rats
104 creatures vanquished.

Notes
Turn   | Place    | Note
-------+----------+-------------------------------------------
     0 | D:1      | stipulation the Ghoul Monk began the quest for the Orb.
     0 | D:1      | Reached XP level 1. HP: 19/19 MP: 1/1
    73 | D:1      | Reached XP level 2. HP: 26/26 MP: 2/2
   132 | D:1      | Reached skill level 4 in Unarmed Combat
   413 | D:1      | Reached XP level 3. HP: 28/31 MP: 3/3
   589 | D:1      | Found Matriemu's Assorted Antiques.
   589 | D:1      | Found Riqinic's General Store.
   830 | D:2      | Found a runed translucent door.
   831 | D:2      | Noticed Crazy Yiuf
   995 | D:2      | Reached skill level 5 in Unarmed Combat
  1044 | D:2      | Reached XP level 4. HP: 29/38 MP: 4/4
  1679 | D:2      | Killed Crazy Yiuf
  1847 | D:3      | Reached skill level 6 in Unarmed Combat
  1847 | D:3      | Reached XP level 5. HP: 44/45 MP: 5/5
  2015 | D:3      | Found a basalt altar of Yredelemnul.
  2100 | D:3      | Reached skill level 7 in Unarmed Combat
  2279 | D:4      | Reached XP level 6. HP: 47/51 MP: 6/6
  2340 | D:4      | Noticed Robin
  2352 | D:4      | Reached skill level 8 in Unarmed Combat
  2353 | D:4      | Noticed Ijyb
  2356 | D:4      | Killed Robin
  2376 | D:4      | Killed Ijyb
  2377 | D:4      | Reached XP level 7. HP: 40/57 MP: 7/7
  2482 | D:4      | You fall into a shaft and drop 3 floors!
  2500 | D:7      | Reached skill level 9 in Unarmed Combat
  2529 | D:7      | Reached skill level 10 in Unarmed Combat
  2539 | D:7      | Reached XP level 8. HP: 10/63 MP: 8/8
  2722 | D:7      | Noticed Pikel
  2727 | D:7      | Reached skill level 1 in Armour
  2737 | D:7      | HP: 1/63 [sky beast (6)]
  2737 | D:7      | Slain by a lemure

Illustrated notes

Levels and vault maps discovered:
D:1:      minmay_arrival_glassed_features, layout_basic, serial_shops, shop,
          nicolae_shop_tiny_waterfront, minmay_statues_item
D:2:      layout_basic, minmay_goblin_outpost, uniq_crazy_yiuf_cottage
D:3:      minmay_bubble_buster, layout_rooms, general_overflow_altar,
          solitary_fountain, hangedman_decor_points
D:4:      layout_cave_pools, minmay_temple_entry_glassed_door,
          nicolae_goblin_pals
D:7:      layout_cave_pools, uniq_pikel

Skill      XL: |  1  2  3  4  5  6  7  8 |
---------------+-------------------------+-----
Unarmed Combat | 4 5 6 7 8 10 | 10.4
Armour         | 1 |  1.0
Fighting       | |  3.2
Dodging        | |  2.6

Action                     |  1- 3 |  4- 6 |  7- 9 || total
---------------------------+-------+-------+-------++-------
  Melee: Unarmed           |    80 |   125 |    92 ||   297
    Use: Potion            |       |     1 |       ||     1
 Armour: Robe              |    26 |       |       ||    26
         Chain mail        |    18 |   134 |   110 ||   262
  Dodge: Dodged            |    43 |    64 |    61 ||   168
